 Dungeon Crawl Stone Soup version 0.24-a0-307-gf989941d98 (webtiles) character file.

Game seed: 14320081875049290437

53 MachJacob the Gusty (level 3, -2/24 HPs)
             Began as a Barachi Air Elementalist on May 13, 2019.
             Slain by Natasha (5 damage)
             ... on level 1 of the Dungeon.
             The game lasted 00:04:08 (1327 turns).

MachJacob the Gusty (Barachi Air Elementalist)      Turns: 1327, Time: 00:04:08

Health: -2/24      AC:  2    Str:  9    XL:     3   Next: 89%
Magic:  0/6        EV: 13    Int: 16    God:
Gold:   65         SH:  0    Dex: 12    Spells: 1/7 levels left

rFire    . . .     SeeInvis .   (no weapon)
rCold    . . .     Gourm    .   (no shield)
rNeg     . . .     Faith    .   a - +0 robe
rPois    .         Spirit   .   (no helmet)
rElec    .         Reflect  .   (no cloak)
rCorr    .         Harm     .   (no gloves)
MR       .....                  (no boots)
Stlth    ++........             (no amulet)
HPRegen  0.08/turn              (no ring)
MPRegen  0.10/turn              (no ring)

@: very slightly contaminated, slowed, very slow
A: +LOS, swims, slowness 1, strong legs 1
a: Hop


You were on level 1 of the Dungeon.
You were hungry.

You visited 1 branch of the dungeon, and saw 2 of its levels.

You collected 65 gold pieces.

Inventory:

Missiles
 g - 39 stones (quivered)
Armour
 a - a +0 robe (worn)
Scrolls
 b - a scroll of teleportation {unknown}
 e - 2 scrolls of blinking {unknown}
 f - 4 scrolls of identify {unknown}
 h - a scroll of remove curse {unknown}
Potions
 d - a potion of lignification {unknown}
 i - a potion of mutation {unknown}
 j - 2 potions of flight {unknown}
 l - a potion of brilliance {unknown}
Comestibles
 c - a ration
 k - 3 chunks of flesh


   Skills:
 + Level 2.6 Dodging
 - Level 1.7 Stealth
 + Level 2.6 Spellcasting
 * Level 2.4 Conjurations
 * Level 4.0 Air Magic


You had one spell level left.
You knew the following spells:

 Your Spells              Type           Power        Failure   Level  Hunger
a - Shock                 Conj/Air       ##..         5%          1    #......
b - Swiftness             Chrm/Air       #.......     13%         2    ##.....
c - Static Discharge      Conj/Air       ##......     16%         3    ###....

Your spell library contained the following spells:

 Spells                   Type           Power        Failure   Level  Hunger
 Airstrike                Air            ##........   36%         4    #####..
 Lightning Bolt           Conj/Air       ##........   82%         5    ######.


Dungeon Overview and Level Annotations

Branches:
Dungeon (2/15)

Altars:

Annotations:
D:1 Natasha


Innate Abilities, Weirdness & Mutations

Shadows flee at your approach. (+LOS)
You can swim through water.
You cover ground slowly.
You can hop short distances.


Message History

The floor.
Natasha stares at you and mumbles some strange words.
You feel yourself slow down. Natasha barely misses you.
Casting: Shock (safe; 5% risk of failure)
Confirm with . or Enter, or press ? or * to list all spells.
Aiming: Shock (safe; 5% risk of failure)
Press: ? - help, Shift-Dir - straight line, f/p - Natasha
Aim: Natasha (moderately wounded)
You miscast Shock.
Nothing appears to happen.
Natasha claws you. Natasha claws you!
* * * LOW HITPOINT WARNING * * *
Some of the chunks of flesh in your inventory have rotted away.
You barely miss Natasha.
Natasha is moderately wounded.
Natasha barely misses you.
You barely miss Natasha.
Natasha is moderately wounded.
Natasha misses you. Natasha claws you.
You die...

# ##########........#...........
# #.................#...#######'
# #.................#...# #. #
#.................#...# #. #
#.........#.......##### ###. #
#.........##'##'### #...
####.........##.##.# #...
.)........#####..#.# #...
#######...# ##@#.# ##..
#######...# #h#.# #.. ..........#
#5..# #.. ######....#
##÷.############..
#.#'########.>..............
#.#.........#...............
#.#..÷......#...............
######+#.........#...............
.................#...............


You could see Natasha and a shadow imp.

Vanquished Creatures
  Natasha (D:1)
  3 dart slugs (D:1)
  A ball python (D:1)
  3 giant cockroaches (D:1)
  3 goblins (D:1)
  A hobgoblin (D:1)
  4 kobolds (D:1)
  3 bats (D:1)
  A frilled lizard (D:1)
  3 rats (D:1)
23 creatures vanquished.

Notes
Turn   | Place    | Note
-------+----------+-------------------------------------------
     0 | D:1      | MachJacob the Barachi Air Elementalist began the quest for
                  | the Orb.
     0 | D:1      | Reached XP level 1. HP: 13/13 MP: 3/3
   305 | D:1      | Reached XP level 2. HP: 17/19 MP: 0/5
   362 | D:1      | Learned a level 2 spell: Swiftness
   937 | D:1      | Reached XP level 3. HP: 24/24 MP: 3/6
  1084 | D:1      | Learned a level 3 spell: Static Discharge
  1219 | D:2      | Noticed Natasha
  1252 | D:1      | Killed Natasha
  1252 | D:1      | Reached skill level 4 in Air Magic
  1314 | D:1      | Noticed Natasha
  1327 | D:1      | Slain by Natasha

Levels and vault maps discovered:
D:1:      minmay_arrival_split_and_join, layout_basic
D:2:      kennysheep_big_flooded_room, layout_basic, first_ration, uniq_sigmund,
          uniq_natasha

Skill      XL: |  1  2  3 |
---------------+----------+-----
Conjurations   | 2 |  2.4
Air Magic      | 4 |  4.0
Dodging        | |  2.6
Stealth        | |  1.7
Spellcasting   | |  2.6

Action                   || total
-------------------------++-------
Melee: Unarmed           ||     4
 Cast: Shock             ||    63
  Eat: Chunk             ||     2
Armor: Robe              ||     6
Dodge: Dodged            ||    13

Table legend:
 A = Non-vault XP
 B = Vault XP
 C = Vault XP percentage of total XP
 D = Non-vault monster count
 E = Vault monster count
 F = Vault count percentage of total count
                 A         B        C        D         E       F
            +---------+---------+-------+---------+---------+-------
      Total |      42 |      35 |  45.5 |      22 |       1 |   4.3
            +---------+---------+-------+---------+---------+-------
        D:1 |      42 |      35 |  45.5 |      22 |       1 |   4.3
            +---------+---------+-------+---------+---------+-------
